 Dungeon Crawl Stone Soup version 0.25-a0-992-gca090100c3 (webtiles) character file.

Game seed: 8071604156476086755, levelgen mode: deterministic

1681 Flugslaktarn the Skirmisher (level 8, -1/74 HPs)
             Began as a Minotaur Fighter on May 10, 2020.
             Was an Elder of Uskayaw.
             Slain by a gnoll
             ... wielding a +0 spear
              (3 damage)
             ... on level 7 of the Dungeon.
             The game lasted 00:02:16 (4730 turns).

Flugslaktarn the Skirmisher (Minotaur Fighter)      Turns: 4730, Time: 00:02:17

Health: -1/74      AC: 18    Str: 21    XL:     8   Next: 71%
Magic:  9/9        EV:  4    Int:  5    God:    Uskayaw [****..]
Gold:   253        SH: 10    Dex: 12    Spells: 7/7 levels left

rFire    . . .     SeeInvis .   a - +0 rapier
rCold    . . .     Gourm    .   c - +0 kite shield
rNeg     . . .     Faith    .   l - +3 plate armour
rPois    .         Spirit   .   (helmet restricted)
rElec    .         Reflect  .   h - +0 cloak
rCorr    .         Harm     .   r - +0 pair of gloves
MR       .....                  (no boots)
Stlth    ..........             (no amulet)
HPRegen  0.22/turn              (no ring)
MPRegen  0.11/turn              (no ring)

@: lethally poisoned (-1 -> -73), studying Fighting
A: retaliatory headbutt, horns 2
a: Stomp, Line Pass, Renounce Religion


You were on level 7 of the Dungeon.
You worshipped Uskayaw.
Uskayaw was noncommittal.
You were very hungry.

You visited 2 branches of the dungeon, and saw 8 of its levels.
You also visited: Ossuary.

You collected 253 gold pieces.

Inventory:

Hand Weapons
 a - a +0 rapier (weapon)
Missiles
 E - a throwing net (quivered)
Armour
 b - a +0 scale mail
 c - a +0 kite shield (worn)
 h - a +0 cloak (worn)
   (You found it on level 1 of the Dungeon)
 l - a +3 plate armour (worn)
   (You found it on level 4 of the Dungeon)
 r - a +0 pair of gloves (worn)
   (You found it on level 4 of the Dungeon)
 w - the cursed +0 ring mail of Shadows and Fog {rF++, unknown}
   (You found it on level 5 of the Dungeon)

   It greatly protects you from fire.
   It has a curse placed upon it.
Jewellery
 p - an uncursed ring of flight {unknown}
   (You found it on level 4 of the Dungeon)
 F - an uncursed ring of flight {unknown}
   (You found it on level 5 of the Dungeon)
Scrolls
 f - a scroll of enchant weapon {unknown}
 g - 3 scrolls of teleportation {unknown}
 i - a scroll of immolation {unknown}
 j - a scroll of fog {unknown}
 k - 7 scrolls of identify {unknown}
 u - a scroll of noise {unknown}
 x - a scroll of acquirement {unknown}
 y - 2 scrolls of enchant armour {unknown}
 C - 4 scrolls of remove curse {unknown}
 D - 2 scrolls of amnesia {unknown}
 G - 2 scrolls of fear {unknown}
Potions
 d - a potion of might
 m - a potion of ambrosia {unknown}
 n - 3 potions of heal wounds {unknown}
 q - 2 potions of mutation {unknown}
 s - 3 potions of curing {unknown}
 t - a potion of brilliance {unknown}
 v - 6 potions of lignification {unknown}
 z - a potion of stabbing {unknown}
 A - a potion of resistance {unknown}
 B - 3 potions of flight {unknown}
Books
 o - a manual of Fighting
   (You found it on level 4 of the Dungeon)
Comestibles
 e - 14 rations


   Skills:
 + Level 7.9 Fighting
 * Level 7.3 Short Blades
 + Level 6.3 Armour
 + Level 2.6 Stealth
 + Level 6.5 Shields
 + Level 3.4 Invocations


You had 7 spell levels left.
You didn't know any spells.
Your spell library was empty.

Dungeon Overview and Level Annotations

Branches:
Dungeon (7/15)             Temple (1/1) D:4         Ossuary (visited)

Altars:
Ashenzari
Cheibriados
Elyvilon
Fedhas
Gozag
Hepliaklqana
Kikubaaqudgha
Makhleb
Nemelex Xobeh
Okawaru
Qazlal
Ru
Sif Muna
Uskayaw
Vehumet
Wu Jian
Xom
Zin
The Shining One


Innate Abilities, Weirdness & Mutations

You reflexively headbutt those who attack you in melee.
You have a pair of horns on your head.


Message History

Uskayaw links your audience in an emotional bond!
You are too injured to fight recklessly!
You are too injured to fight recklessly!
You are too injured to fight recklessly!
You are too injured to fight recklessly!
You are too injured to fight recklessly!
You are too injured to fight recklessly!
You are too injured to fight recklessly!
You are too injured to fight recklessly!
Unknown command.
* * * LOW HITPOINT WARNING * * *
You feel extremely sick.
The gnoll hits you from afar with a +0 spear.
* * * LOW HITPOINT WARNING * * *
The gnoll hits you but does no damage.
There is a stone staircase leading up, spattered with blood here.
* * * LOW HITPOINT WARNING * * *
You feel very sick.
The gnoll hits you from afar with a +0 spear.
You die...

.####..#
...#...##.
###......O. .
#####....#..$##..
..........g......
....!....>......
.......)§)g.....
.......§§#(#
.......§§@[#
.>.$..§§§§.#
##.......#.#
...#..#..#.#
#.......##..
......... .#.
......... .#..
......... ## #.


You could see an ogre (pain bonded) and 2 gnolls.

Vanquished Creatures
  A hippogriff (D:7)
  A wraith (Ossuary)
  An orc warrior (D:6)
  A phantom (D:6)
  An ice beast (D:6)
  A bullfrog (D:7)
  A wyvern skeleton (D:7)
  2 scorpions
  2 crimson imps
  4 jellies
  A bullfrog skeleton (D:7)
  2 gnoll shamans
  An orc priest (D:6)
  2 hounds
  3 orc wizards
  2 centaur skeletons
  An iguana (D:5)
  3 worker ants
  A big kobold zombie (Ossuary)
  A hound skeleton (D:4)
  3 mummies (Ossuary)
  A worker ant zombie (D:6)
  5 gnolls
  5 adders
  A shadow imp (D:5)
  2 oozes
  An adder zombie (D:5)
  2 worms
  A dart slug (D:4)
  2 leopard geckos (D:5)
  18 orcs
  A ball python (D:7)
  2 giant cockroaches
  2 hobgoblins (D:3)
  14 jackals
  6 quokkas
  A bat (D:2)
  2 frilled lizards
  2 gnoll zombies (Ossuary)
  A goblin (D:3)
  3 goblin zombies (Ossuary)
  3 hobgoblin zombies (Ossuary)
  2 kobolds
  2 kobold zombies (Ossuary)
114 creatures vanquished.

Vanquished Creatures (others)
  A goblin zombie (Ossuary)
1 creature vanquished.

Grand Total: 115 creatures vanquished

Notes
Turn   | Place    | Note
-------+----------+-------------------------------------------
     0 | D:1      | Flugslaktarn the Minotaur Fighter began the quest for the
                  | Orb.
     0 | D:1      | Reached XP level 1. HP: 19/19 MP: 0/0
   500 | D:3      | Reached XP level 2. HP: 20/27 MP: 1/1
   637 | D:4      | Reached XP level 3. HP: 24/33 MP: 2/2
   919 | D:4      | Reached XP level 4. HP: 40/40 MP: 3/3
  1348 | D:4      | Reached XP level 5. HP: 47/47 MP: 4/4
  1874 | D:4      | Found a staircase to the Ecumenical Temple.
  1883 | D:4      | Reached skill level 5 in Fighting
  1889 | Temple   | Entered the Ecumenical Temple
  1898 | Temple   | Became a worshipper of Uskayaw the Reveler
  1944 | D:5      | Entered Level 5 of the Dungeon
  1958 | D:5      | Reached * piety under Uskayaw
  1991 | D:5      | Found a stormy altar of Qazlal.
  2038 | D:5      | Found a sand-covered staircase.
  2049 | D:5      | Got a brightly glowing ring mail
  2072 | Ossuary  | Entered an ossuary
  2072 | Ossuary  | Noticed a wraith
  2072 | Ossuary  | Noticed a wraith
  2072 | Ossuary  | Noticed a wraith
  2172 | Ossuary  | Reached ** piety under Uskayaw
  2318 | Ossuary  | Reached XP level 6. HP: 54/56 MP: 5/5
  2469 | Ossuary  | Noticed a wraith
  2477 | Ossuary  | Reached *** piety under Uskayaw
  2480 | Ossuary  | Killed a wraith
  2480 | Ossuary  | Reached skill level 5 in Short Blades
  2480 | Ossuary  | Reached skill level 5 in Armour
  2480 | Ossuary  | Reached skill level 5 in Shields
  2480 | Ossuary  | Reached skill level 1 in Invocations
  2721 | D:5      | Reached **** piety under Uskayaw
  2806 | D:5      | Reached XP level 7. HP: 53/63 MP: 7/7
  2888 | D:5      | Found a hazy altar of Hepliaklqana.
  3339 | D:6      | Reached skill level 1 in Stealth
  4108 | D:6      | Reached XP level 8. HP: 63/71 MP: 8/8
  4268 | D:7      | Noticed a hippogriff
  4285 | D:6      | Reached ***** piety under Uskayaw
  4496 | D:7      | Killed a hippogriff
  4730 | D:7      | HP: 2/74 [poison (poison gas)]
  4730 | D:7      | Slain by a gnoll

Illustrated notes

Levels and vault maps discovered:
D:1:      mrwooster_arrival_statue_3, layout_basic
D:2:      layout_loops_corners, minmay_crystal_water, kennysheep_generic_room_8
D:3:      minmay_razor_zed, layout_basic, first_ration,
          kennysheep_generic_room_5, uniq_sigmund
D:4:      layout_basic, minmay_temple_entry_mini_moons,
          minmay_manual_mandibuliform
D:5:      layout_loops_corners, lemuel_doored_altar,
          lightli_ossuary_entry_decrepit_ruins, nicolae_qazlal_general_emergency
D:6:      layout_basic
D:7:      minmay_spotlight, layout_rooms, nrook_uturn
Temple:   nicolae_temple_no_exploring_needed

Skill      XL: |  1  2  3  4  5  6  7  8 |
---------------+-------------------------+-----
Fighting       | 4 5 6 7 |  7.9
Short Blades   | 3 4 5 6 7 |  7.3
Armour         | 4 5 6 |  6.3
Shields        | 4 5 6 |  6.5
Invocations    | 1 2 3 |  3.4
Stealth        | 1 2 |  2.6

Action                   |  1- 3 |  4- 6 |  7- 9 || total
-------------------------+-------+-------+-------++-------
Melee: Rapier            |    49 |   187 |   151 ||   387
       Headbutt          |     8 |    45 |    40 ||    93
 Stab: Paralysed         |       |     2 |    10 ||    12
  Eat: Chunk             |       |     4 |     4 ||     8
       Ration            |       |     1 |       ||     1
Armor: Scale mail        |    24 |     1 |       ||    25
       Plate armour      |       |    76 |   136 ||   212
Dodge: Dodged            |    12 |    32 |    32 ||    76
Block: Kite shield       |    40 |    74 |   107 ||   221

Table legend:
 A = Non-vault XP
 B = Vault XP
 C = Vault XP percentage of total XP
 D = Non-vault monster count
 E = Vault monster count
 F = Vault count percentage of total count
                 A         B        C        D         E       F
            +---------+---------+-------+---------+---------+-------
      Total |    2102 |     300 |  12.5 |      97 |      17 |  14.9
            +---------+---------+-------+---------+---------+-------
        D:2 |       7 |       0 |   0.0 |       5 |       0 |   0.0
        D:3 |      13 |       0 |   0.0 |       6 |       0 |   0.0
        D:4 |     252 |       8 |   3.1 |      19 |       2 |   9.5
        D:5 |     322 |       0 |   0.0 |      20 |       0 |   0.0
        D:6 |     775 |       0 |   0.0 |      28 |       0 |   0.0
        D:7 |     733 |       0 |   0.0 |      19 |       0 |   0.0
    Ossuary |       0 |     292 | 100.0 |       0 |      15 | 100.0
            +---------+---------+-------+---------+---------+-------
